 Dungeon Crawl Stone Soup version 0.19-a0-1834-g6b7851e (webtiles) character file.

22 GameOver the Caller (level 2, 0/22 HPs)
             Began as a Naga Summoner on Oct 9, 2016.
             Slain by Ijyb
             ... wielding a +0 dagger
              (2 damage)
             ... on level 2 of the Dungeon.
             The game lasted 00:04:04 (977 turns).

GameOver the Caller (Naga Summoner)                  Turns: 977, Time: 00:04:05

Health: 0/22       AC:  2    Str: 10    XL:     2   Next: 91%
Magic:  3/5        EV: 10    Int: 15    God:
Gold:   38         SH:  0    Dex: 11    Spells: 1 memorised, 4 levels left

rFire  . . .     SeeInvis +     g - +0 dagger
rCold  . . .     Gourm    .     a - +1 robe
rNeg   . . .     Faith    .     (no shield)
rPois  +         Spirit   .     (no helmet)
rElec  .         Dismiss  .     (no cloak)
rCorr  .         Reflect  .     (no gloves)
MR     .....     Harm     .     (no barding)
Stlth  ++........               (no amulet)
                                (no ring)
                                (no ring)

@: very slow
A: see invisible, deformed body, poison resistance, slowness 2, slow metabolism
1, spit poison 1, AC +0
a: Spit Poison


You were on level 2 of the Dungeon.
You were not hungry.

You visited 1 branch of the dungeon, and saw 2 of its levels.

You collected 38 gold pieces.

Inventory:

Hand Weapons
 f - a +0 hunting sling
 g - a +0 dagger (weapon)
Missiles
 d - a stone (quivered)
Armour
 a - a +1 robe (worn)
Jewellery
 e - an uncursed amulet of faith {unknown}
Books
 b - a book of Callings

   Spells                             Type                      Level
   a - Summon Small Mammal            Summoning                    1
   b - Call Imp                       Summoning                    2
   c - Call Canine Familiar           Summoning                    3
   d - Summon Guardian Golem          Hexes/Summoning              3
   e - Summon Lightning Spire         Summoning/Air                4
   f - Summon Ice Beast               Ice/Summoning                4
Comestibles
 c - a bread ration


   Skills:
 - Level 1.5 Dodging
 - Level 3.0 Stealth
 - Level 2.0 Spellcasting
 + Level 4.8 Summonings


You had 4 spell levels left.
You knew the following spells:

 Your Spells              Type           Power        Failure   Level  Hunger
a - Summon Small Mammal   Summ           ###.         3%          1    #......


Dungeon Overview and Level Annotations

Branches:
Dungeon (2/15)

Altars:

Annotations:
D:2 Ijyb


Innate Abilities, Weirdness & Mutations

You cannot wear boots.
Your serpentine skin is tough. (AC +0)
You have supernaturally acute eyesight. (SInv)
Armour fits poorly on your strangely shaped body.
Your system is resistant to poisons. (rPois)
You cover ground very slowly.
You have a slow metabolism.
You can spit poison.


Message History

Your bat hits Ijyb but does no damage.
Your bat closely misses Ijyb.
Your bat misses Ijyb.
Ijyb screams, "Die!"
Ijyb hits you but does no damage.
Casting: Summon Small Mammal
Confirm with . or Enter, or press ? or * to list all spells.
Your bat hits Ijyb but does no damage. x2; Ijyb hits you with a dagger.
* * * LOW HITPOINT WARNING * * *
Unknown command.
Your quokka bites Ijyb.
Casting: Summon Small Mammal
Confirm with . or Enter, or press ? or * to list all spells.
Your quokka bites Ijyb but does no damage.
Your quokka closely misses Ijyb.
Ijyb hits you with a dagger.
* * * LOW HITPOINT WARNING * * *
Unknown command.
You aren't carrying any potions.
Your quokka closely misses Ijyb.
Your quokka barely misses Ijyb.
Your quokka misses Ijyb. Your rat misses Ijyb. Ijyb hits you with a dagger.
You die...

### #.# #.. ... .## #.#
#.# .. ##.# #.# ##.##
##.####.# #...#
........###### #...#
##.#####.....#####...####
##.#####.###b##.........##
##..........r.rg@.<.......
.#######.##.###r........#.
.# #>##.# ####...#### .#
.(##?# #...... .# ..##.#
#....... .# ..##.#
#####.... .# #.# .... .#
#.. ... ##


You could see Ijyb, 2 friendly quokkas, a friendly bat and a friendly rat.

Vanquished Creatures
  A dart slug (D:1)
  A ball python (D:1)
  2 hobgoblins (D:1)
  2 bats (D:1)
  A goblin (D:1)
  A kobold (D:2)
  A rat (D:1)
9 creatures vanquished.

Vanquished Creatures (collateral kills)
  An ooze (D:1)
  A leopard gecko (D:2)
  2 bats
  A giant cockroach (D:2)
  A hobgoblin (D:1)
  3 kobolds (D:1)
  A frilled lizard (D:1)
  A rat (D:1)
11 creatures vanquished.

Grand Total: 20 creatures vanquished

Notes
Turn   | Place    | Note
-------+----------+-------------------------------------------
     0 | D:1      | GameOver the Naga Summoner began the quest for the Orb.
     0 | D:1      | Reached XP level 1. HP: 15/15 MP: 3/3
   245 | D:1      | Reached XP level 2. HP: 22/22 MP: 5/5
   898 | D:2      | Noticed Ijyb
   977 | D:2      | Slain by Ijyb

Vault maps used:
D:1:      scummos_arrival_star
D:2:      first_bread, uniq_iyjb

Action                   || total
-------------------------++-------
Melee: Mace              ||     4
       Hunting sling     ||     1
 Fire: Hunting sling     ||     4
 Cast: Summon Small Mamm ||    20
 Abil: Spit Poison       ||    15
  Use: Scroll            ||     3
       Potion            ||     1
  Eat: Chunk             ||     1
Armor: Robe              ||    15
Dodge: Dodged            ||    20
